 Dungeon Crawl Stone Soup version 0.31-a0-1620-gcbf77bbcfc (console) character file.

Game seed: 16826659123701116245

12 Zeia the Grave Robber (level 2, 0/19 HPs)
             Began as a Demonspawn Necromancer on Jan 11, 2024.
             Slain by a jackal (3 damage)
             ... on level 1 of the Dungeon.
             The game lasted 00:03:35 (271 turns).

Zeia the Grave Robber (Demonspawn Necromancer)       Turns: 271, Time: 00:03:36

Health: 0/19       AC:  2    Str:  8    XL:     2   Next: 20%
Magic:  0/5        EV: 12    Int: 15    God:
Gold:   8          SH:  0    Dex: 13    Spells: 4/5 levels left

rFire   . . .        g - +0 dagger
rCold   . . .        (no shield)
rNeg    . . .        a - +0 robe
rPois   .            (no helmet)
rElec   .            (no cloak)
rCorr   .            (no gloves)
SInv    .            (no boots)
Will    .....        (no amulet)
Stlth   ++           (no ring)
HPRegen 0.23/turn    (no ring)
MPRegen 0.09/turn

%: no passive effects
@: no status effects
A: hooves 1
a: no special abilities


You were on level 1 of the Dungeon.
You visited 1 branch of the dungeon, and saw 1 of its levels.

You collected 8 gold pieces.

Inventory:

Hand Weapons
 g - a +0 dagger (weapon)
Armour
 a - a +0 robe (worn)
 h - a +0 leather armour
Scrolls
 c - 2 scrolls of identify {unknown}
 d - a scroll of enchant weapon {unknown}
 e - a scroll of enchant armour {unknown}
Potions
 b - a potion of magic
 f - a potion of resistance {unknown}


   Skills:
 - Level 1.7 Dodging
 - Level 1.7 Stealth
 + Level 2.1 Spellcasting
 + Level 4.9 Necromancy


You had 4 spell levels left.
You knew the following spells:

 Your Spells              Type           Power      Damage    Failure   Level
a - Necrotise             Necr           64%        1d7       2%          1

Your spell library contained the following spells:

 Spells                   Type           Power      Damage    Failure   Level
 Vampiric Draining        Necr           16%        2d7       9%          3
 Animate Dead             Necr           16%        N/A       28%         4
 Curse of Agony           Necr           16%        N/A       61%         5


Dungeon Overview and Level Annotations

Branches:
Dungeon (1/15)

Altars:


Innate Abilities, Weirdness & Mutations

You have large cloven feet.


Message History

Your ball python skeleton grabs the goblin.
Your ball python skeleton constricts the goblin.
You hit the kobold. Your kick misses the kobold.
The kobold is severely wounded.
The goblin hits your ball python skeleton with a +0 club.
The kobold hits you but does no damage.
You are electrocuted!
Your ball python skeleton bites the goblin.
The goblin dies!
You barely miss the kobold.
The kobold is severely wounded.
Something bites your ball python skeleton.
Your ball python skeleton is destroyed!
The kobold closely misses you.
You don't have enough magic to cast this spell.
You hit the kobold.
You kill the kobold!
You hit the jackal. Your kick misses the jackal.
The jackal is moderately wounded.
The jackal bites you.
* * * LOW HITPOINT WARNING * * *
You don't have enough magic to cast this spell.
You closely miss the jackal. Your kick misses the jackal.
The jackal is moderately wounded.
The jackal bites you but does no damage.
The jackal barely misses you.
You hit the jackal.
The jackal is heavily wounded.
The jackal bites you but does no damage.
You closely miss the jackal.
The jackal is heavily wounded.
The jackal bites you.
* * * LOW HITPOINT WARNING * * *
The jackal bites you.
* * * LOW HITPOINT WARNING * * *
Aiming: Necrotise (safe; 2% risk of failure)
Press: ? - help, Q - select action Shift-Dir - straight line, f - jackal
Aim: a jackal (heavily wounded, chance to affect: 86%)
The jackal writhes in agony.
The jackal bites you.
You die...

... ..# ... #h### #.#..
#h#.# #g#.#
#.#.################
#...##.............##
####..###.............#.
#...>hh@..............#.
#.##.####...............
.. #.# #...........)..#
#+ ..# #...............
.### #............... ..
#............... ..
#............... ...
#...............
#...............
#...............
#...............


You could see 2 jackals.

Vanquished Creatures
  2 ball pythons (D:1)
  A goblin (D:1)
  2 jackals (D:1)
  2 bats (D:1)
  A kobold (D:1)
  A rat (D:1)
9 creatures vanquished.

Vanquished Creatures (collateral kills)
  2 goblins (D:1)
2 creatures vanquished.

Grand Total: 11 creatures vanquished

Notes
Turn   | Place    | Note
-------+----------+-------------------------------------------
     0 | D:1      | Zeia the Demonspawn Necromancer began the quest for the
                  | Orb.
     0 | D:1      | Reached XP level 1. HP: 13/13 MP: 3/3
   250 | D:1      | Gained mutation: You have large cloven feet. [demonic
                  | ancestry]
   250 | D:1      | Reached XP level 2. HP: 14/19 MP: 0/5
   271 | D:1      | Slain by a jackal

Illustrated notes

Levels and vault maps discovered:
D:1:      lightli_arrival_windingriver, layout_basic,
          corexii_item_surrounded_by_moat, minmay_tall_x

Action                     || total
---------------------------++-------
  Melee: Dagger            ||    12
         Kick              ||     1
   Cast: Necrotise         ||    17
 Armour: Robe              ||    26
  Dodge: Dodged            ||    38

Table legend: (Time is in decaauts)
 A = Elapsed time spent in this place.
 B = Non-inter-level travel time spent in this place.
 C = Inter-level travel time spent in this place.
 D = Time resting spent in this place.
 E = Time spent auto-exploring this place.
 F = Levels seen in this place.
 G = Mean time per level.
                   A        B        C        D        E       F      G
               +--------+--------+--------+--------+--------+-----+--------+
         Total |    271 |    271 |      0 |     32 |    115 |   1 |  271.0 |
       Dungeon |    271 |    271 |      0 |     32 |    115 |   1 |  271.0 |
               +--------+--------+--------+--------+--------+-----+--------+

Top non-repeatable levels by time:
     D:1: 271 daAuts
